Map: 缀蓝秋原-天梯版

Players

IIIIIIIII

  • Race: Terran Terran

电脑难度(新手) - Winner!

  • Race: Protoss Protoss

VOD

Have the link to the VOD?

Description

Time

  • Played on: Dec. 24, 2018, 11:49 p.m.
  • Length: 11:32
Show
View Real Time Build Order
Export as new Build Order

IIIIIIIII Terran 

Build Orders: Reaper Expand 

Get SALT Encoding   

  12  0:01  SCV  
  13  0:13  SCV  
  14  0:18  Supply Depot  
  14  0:26  SCV  
  15  0:40  Refinery  
  15  0:42  Barracks  
  15  0:45  SCV  
  16  0:57  SCV  
  17  1:10  SCV  
  18  1:22  SCV  
  19  1:29  Reaper  
  20  1:38  Orbital Command  
  20  1:51  Command Center  
  20  2:02  Supply Depot  
  20  2:06  SCV  
  20  2:07  Barracks Tech Lab  
  21  2:16  Factory  
  21  2:25  Marauder  
  23  2:30  Refinery  
  23  2:31  SCV  
  24  2:43  SCV  
  25  2:47  Marauder  
  27  2:56  SCV  
  28  3:01  Starport  
  28  3:03  Orbital Command  
  28  3:08  SCV  
  28  3:09  Marauder  
  31  3:15  Refinery  
  31  3:19  Factory Tech Lab  
  31  3:20  SCV  
  32  3:32  Marauder, SCV x2  
  36  3:44  SCV  
  36  3:45  Supply Depot  
  36  3:46  Raven  
  39  3:50  Widow Mine  
  39  3:51  SCV  
  39  3:55  Marauder  
  44  3:57  SCV  
  45  4:05  SCV, Bunker  
  46  4:11  SCV  
  46  4:15  Supply Depot  
  48  4:18  Marauder  
  48  4:19  SCV  
  48  4:24  SCV  
  51  4:34  Siege Tank  
  51  4:37  SCV x2, Supply Depot  
  51  4:38  Viking  
  58  4:39  Concussive Shells  
  58  4:41  Marine  
  59  4:49  SCV  
  59  4:51  SCV  
  61  4:58  Marine  
  62  5:01  SCV, Supply Depot  
  62  5:03  SCV  
  64  5:08  Command Center  
  64  5:15  SCV  
  64  5:18  Armory  
  65  5:21  Factory Tech Lab  
  65  5:22  SCV  
  65  5:25  Refinery  
  65  5:26  Marine  
  65  5:27  Supply Depot, Stimpack  
  67  5:29  Starport Reactor  
  67  5:31  SCV  
  68  5:38  Barracks  
  68  5:40  SCV  
  71  5:43  Barracks, Widow Mine  
  71  5:46  Marine  
  71  5:47  SCV  
  73  5:51  Engineering Bay  
  73  5:52  SCV  
  74  5:59  SCV  
  75  6:06  Widow Mine, Drilling Claws, Engineering Bay  
  75  6:08  SCV  
  78  6:11  Terran Ship Weapons Level 1  
  78  6:12  SCV  
  78  6:14  Starport Reactor, Supply Depot  
  78  6:16  Marine  
  80  6:20  Orbital Command  
  80  6:22  SCV  
  80  6:24  Terran Infantry Weapons Level 1  
  81  6:28  Widow Mine  
  81  6:29  SCV  
  81  6:31  Terran Infantry Armor Level 1  
  84  6:33  Marine x3  
  84  6:34  Marine  
  84  6:37  SCV  
  84  6:38  Liberator  
  89  6:40  Liberator  
  89  6:41  SCV  
  89  6:44  Orbital Command  
  89  6:45  Supply Depot  
  90  6:49  SCV  
  90  6:51  Marine  
  90  6:53  Marine x3  
  95  6:55  Widow Mine  
  103  7:08  Marine  
  103  7:09  Starport  
  103  7:11  Marine x3  
  107  7:16  SCV x2  
  107  7:18  Refinery  
  107  7:22  Fusion Core  
  109  7:23  Refinery  
  109  7:24  SCV  
  109  7:26  Marine  
  109  7:28  SCV x2  
  109  7:29  Marine  
  114  7:31  Supply Depot x2  
  114  7:32  Marine x2  
  114  7:36  SCV  
  117  7:41  Liberator x2  
  117  7:48  Factory Reactor  
  117  7:50  Supply Depot  
  117  7:52  Marine x2, SCV x2  
  117  7:53  SCV  
  117  7:55  Supply Depot  
  117  7:56  Marine x2  
  127  7:59  Sensor Tower  
  127  8:05  SCV x2  
  132  8:07  Liberator, Supply Depot  
  132  8:09  Terran Ship Weapons Level 2  
  132  8:10  Marine  
  132  8:12  Marine  
  134  8:13  Marine  
  134  8:14  Advanced Ballistics  
  134  8:15  SCV  
  134  8:18  Supply Depot  
  136  8:22  Missile Turret  
  136  8:26  Widow Mine x2, Liberator  
  144  8:31  Supply Depot  
  143  8:35  Liberator  
  143  8:36  Marine x2  
  143  8:38  Command Center  
  143  8:40  Supply Depot  
  145  8:42  Marine x2  
  150  8:50  Combat Shield  
  150  8:52  Liberator  
  150  8:54  Marine  
  154  8:59  Supply Depot  
  154  9:03  Terran Infantry Weapons Level 2, Supply Depot  
  154  9:04  Barracks  
  154  9:05  Barracks  
  157  9:10  Marine x3  
  157  9:16  Missile Turret  
  160  9:18  Marine, Missile Turret  
  160  9:20  Missile Turret  
  161  9:26  Supply Depot  
  161  9:30  Marine  
  161  9:31  Marine  
  164  9:37  Liberator x2, Missile Turret  
  165  9:39  Liberator  
  163  9:51  Liberator  
  163  9:53  Barracks Reactor x2  
  163  9:54  Widow Mine  
  163  9:56  Marine  
  163  9:57  Marine x2  
  163  9:59  Command Center  
  177  10:11  Refinery  
  180  10:14  Marine x2  
  180  10:15  Marine  
  180  10:18  Missile Turret  
  180  10:19  Refinery  
  183  10:22  Liberator  
  183  10:24  Missile Turret  
  183  10:30  Barracks  
  183  10:31  Barracks  
  183  10:32  Marine x7, Barracks, Ghost Academy  
  193  10:44  Planetary Fortress  
  193  11:01  Marine x2  
  195  11:14  Starport  
  195  11:18  Barracks Tech Lab  
  195  11:21  Command Center  
Show
View Real Time Build Order
Export as new Build Order

电脑难度(新手) Protoss - Winner!

Build Orders: 1 Gate Expand, Nexus First 

Get SALT Encoding   

  12  0:00  Probe  
  13  0:13  Probe  
  14  0:20  Pylon  
  14  0:43  Gateway  
  14  1:01  Nexus  
  14  1:20  Pylon  
  14  1:22  Zealot  
  14  1:24  Assimilator  
  16  1:37  Cybernetics Core  
  16  1:39  Probe  
  17  1:51  Probe  
  18  2:02  Probe, Assimilator  
  18  2:08  Stalker  
  19  2:10  Probe  
  22  2:16  Warp Gate  
  22  2:20  Probe  
  23  2:25  Probe  
  24  2:34  Probe  
  25  2:41  Probe  
  26  2:49  Probe  
  26  2:50  Pylon  
  27  2:56  Probe  
  28  3:03  Probe  
  29  3:08  Probe  
  30  3:17  Probe  
  30  3:18  Robotics Facility  
  31  3:20  Probe  
  31  3:26  Zealot  
  34  3:32  Probe  
  35  3:39  Probe  
  36  3:46  Probe  
  37  3:51  Assimilator  
  37  3:53  Probe  
  38  3:59  Observer  
  38  4:00  Probe  
  39  4:06  Assimilator  
  39  4:07  Probe  
  41  4:12  Probe  
  41  4:16  Observer  
  42  4:22  Probe  
  44  4:25  Probe  
  45  4:32  Pylon  
  45  4:36  Probe  
  45  4:37  Sentry  
  48  4:43  Probe  
  49  4:50  Probe  
  49  4:58  Probe  
  50  10:27  Warp Prism  
  50  10:33  Stalker  
  50  10:34  Gateway  
  54  10:35  Robotics Bay  
  54  10:36  Stargate  
  54  10:40  Pylon  
  54  10:50  Warp Prism  
  56  11:25  Gateway, Zealot  
Tags
 
Add a new tag
Caveats
  • Supply blocks, unpowered buildings, or Contaminate may cause inaccurate times.
  • Supply counts are checked every 10 seconds.